 Dungeon Crawl Stone Soup version 0.14-a0-218-g24e112a (webtiles) character file.

377 4tharraofdagon the Ruffian (level 6, -2/52 HPs)
             Began as a Minotaur Monk on Oct 8, 2013.
             Slain by a slave (4 damage)
             ... led by Pikel
             ... on Level 4 of the Dungeon.
             The game lasted 00:02:40 (958 turns).

4tharraofdagon the Ruffian (Minotaur Monk)           Turns: 958, Time: 00:02:41

HP  -2/52        AC 14     Str 15      XL: 6   Next: 24%
MP   2/2         EV  2     Int  9      God:
Gold 50          SH  0     Dex  8 (11) Spells:  0 memorised,  5 levels left

Res.Fire  : . . .   See Invis. : .     - Unarmed
Res.Cold  : . . .   Warding    : .   p - +2 orc plate armour
Life Prot.: . . .   Conserve   : .   (no shield)
Res.Poison: .       Res.Corr.  : .   (helmet restricted)
Res.Elec. : .       Clarity    : .   (no cloak)
Sust.Abil.: . .     Spirit.Shd : .   (no gloves)
Res.Mut.  : .       Stasis     : .   (no boots)
Res.Rott. : .       Flight     : .   (no amulet)
Saprovore : . . .                    (no ring)
                                     m - +2 ring of protection

@: slightly resistant to hostile enchantments, extremely unstealthy
A: retaliatory headbutt, horns 2, carnivore 1, spit poison 1, Dex -2
a: Spit Poison


You were on level 4 of the Dungeon.
You were not hungry.

You visited 1 branch of the dungeon, and saw 4 of its levels.

You collected 50 gold pieces.

Inventory:

Missiles
 k - 2 tomahawks of returning (quivered)
Armour
 a - a +0 robe
 n - a +0 leather armour
 p - a +2 orcish plate armour (worn)
Magical devices
 j - a wand of fire (4)
Comestibles
 b - 3 bread rations
 d - a pear
 f - a choko
Scrolls
 c - 4 scrolls of identify {unknown}
 e - a scroll of amnesia {unknown}
 h - a scroll of fear {unknown}
 i - a scroll of blinking {unknown}
 l - a scroll of curse jewellery {unknown}
 o - a scroll of recharging {unknown}
 s - a scroll of random uselessness {unknown}
Jewellery
 g - an uncursed ring of protection from cold {unknown}
 m - a +2 ring of protection (left hand)


   Skills:
 + Level 5.4 Fighting
 + Level 2.6 Throwing
 - Level 3.2 Dodging
 - Level 1.5 Stealth
 * Level 6.6 Unarmed Combat


You had 5 spell levels left.
You didn't know any spells.

Dungeon Overview and Level Annotations

Branches:
Dungeon (4/27)
 Temple: D:4-7

Altars:


Innate Abilities, Weirdness & Mutations

You reflexively headbutt those who attack you in melee.
You have a pair of horns on your head.
Your digestive system is specialised to digest meat.
You are clumsy. (Dex -2)
You can spit poison.


Message History

Zapping:
j - a wand of fire {zapped: 5}
Press: ? - help, Shift-Dir - straight line, f - ogre
Aim: an ogre, wielding a giant club The bolt of fire hits the ogre.
The ogre is moderately wounded.
You hit the ogre. You headbutt the ogre!
The ogre is severely wounded.
You punch the ogre!
The ogre is almost dead.
The ogre hits you with a giant club!
* * * LOW HITPOINT WARNING * * *
You are too injured to fight recklessly!
You hit the ogre. You headbutt the ogre.
You kill the ogre!
You have reached level 6!
Your experience leads to an increase in your attributes!
Increase (S)trength, (I)ntelligence, or (D)exterity?
You feel clever. The slave hits you.
You die...

#.# #.# # #.# #.##
#### ########.# #..
.....## #.).......
...#.. ...#.#####.##
#.#.## #.#)## #.#
#.).##.##.♣.♣# ..#
###@##....♣.♣# P.##
#..@#####.♣.♣#oP.
#.#.#####.♣.♣#.Po #
.).#.......♣)♣#.♣..
....####..@..♣.♣#...#
# ####.
#.......#...<### ..
#............... ##
#.....###....##.
#.....# .......


You could see a slave.

Vanquished Creatures
  2 ogres (D:4)
  An orc warrior (D:4)
  A worker ant (D:4)
  An adder (D:2)
  A giant mite (D:1)
  An ooze (D:4)
  4 orcs
  2 bats
  A giant cockroach (D:2)
  A hobgoblin (D:3)
  A kobold (D:1)
  A quokka (D:3)
  A giant newt (D:3)
  2 goblins
  2 rats
  A rat skeleton (D:4)
23 creatures vanquished.

Notes
Turn   | Place    | Note
--------------------------------------------------------------
     0 | D:1      | 4tharraofdagon, the Minotaur Monk, began the quest for the Orb.
     0 | D:1      | Reached XP level 1. HP: 17/17 MP: 0/0
   127 | D:1      | Reached XP level 2. HP: 23/25 MP: 0/0
   149 | D:2      | Reached skill level 5 in Unarmed Combat
   424 | D:3      | Reached XP level 3. HP: 30/30 MP: 1/1
   553 | D:4      | Noticed an ogre
   568 | D:4      | Killed an ogre
   568 | D:4      | Reached skill level 1 in Throwing
   568 | D:4      | Reached XP level 4. HP: 5/38 MP: 1/1
   575 | D:4      | Gained mutation: Your digestive system is specialised to digest meat. [potion of mutation]
   575 | D:4      | Gained mutation: You are clumsy. (Dex -2) [potion of mutation]
   575 | D:4      | Gained mutation: You can spit poison. [potion of mutation]
   578 | D:4      | Paralysed by a potion of paralysis for 6 turns
   780 | D:4      | Reached XP level 5. HP: 17/45 MP: 1/1
   905 | D:4      | Noticed an orc warrior
   919 | D:4      | Killed an orc warrior
   919 | D:4      | Reached skill level 5 in Fighting
   919 | D:4      | Reached skill level 6 in Unarmed Combat
   944 | D:4      | Noticed a slave
   954 | D:4      | Noticed an ogre
   957 | D:4      | HP: 2/45 [ogre/giant club (16)]
   958 | D:4      | Killed an ogre
   958 | D:4      | Reached XP level 6. HP: 2/52 MP: 2/2
   958 | D:4      | Slain by a slave

Action                   |  1- 3 |  4- 6 || total
-------------------------+-------+-------++-------
Melee: Unarmed           |    33 |    25 ||    58
Throw: Tomahawk          |     2 |       ||     2
Evoke: Wand              |       |     6 ||     6
  Use: Potion            |     1 |     4 ||     5
 Stab: Sleeping          |     2 |       ||     2
